 Dungeon Crawl Stone Soup version 0.31-a0-986-g5e6e4ef867 (webtiles) character file.

Game seed: 8943696737852448375

28 LadyBoffin the Digger (level 2, -2/15 HPs)
             Began as a Deep Elf Earth Elementalist on Nov 6, 2023.
             Slain by an orc priest
             ... wielding a +0 short sword
              (3 damage)
             ... on level 2 of the Dungeon.
             The game lasted 00:04:09 (1539 turns).

LadyBoffin the Digger (Deep Elf Earth Elementalist) Turns: 1539, Time: 00:04:10

Health: -2/15      AC:  2    Str:  5    XL:     2   Next: 96%
Magic:  5/8        EV: 12    Int: 19    God:
Gold:   37         SH:  0    Dex: 15    Spells: 6/7 levels left

rFire   . . .        (no weapon)
rCold   . . .        (no shield)
rNeg    . . .        a - +0 robe
rPois   .            (no helmet)
rElec   .            (no cloak)
rCorr   .            (no gloves)
SInv    .            (no boots)
Will    .....        (no amulet)
Stlth   +            (no ring)
HPRegen 0.22/turn    (no ring)
MPRegen 0.11/turn

%: no passive effects
@: confused
A: no striking features
a: no special abilities


You were on level 2 of the Dungeon.
You visited 1 branch of the dungeon, and saw 2 of its levels.

You collected 37 gold pieces.

Inventory:

Armour
 a - a +0 robe (worn)
Jewellery
 g - a +6 ring of dexterity
Scrolls
 d - a scroll of silence {unknown}
 h - a scroll of teleportation {unknown}
Potions
 b - a potion of magic
 c - a potion of degeneration {unknown}
 e - a potion of cancellation {unknown}
 i - a potion of heal wounds {unknown}
 j - a potion of curing {unknown}
 k - a potion of enlightenment {unknown}
 l - a potion of berserk rage {unknown}


   Skills:
 + Level 2.5 Dodging
 + Level 3.1 Stealth
 + Level 3.2 Spellcasting
 + Level 1.2 Transmutations
 + Level 4.0 Earth Magic


You had 6 spell levels left.
You knew the following spells:

 Your Spells              Type           Power      Damage    Failure   Level
a - Sandblast             Erth           36%        2d10      2%          1

Your spell library contained the following spells:

 Spells                   Type           Power      Damage    Failure   Level
 Passwall                 Tmut/Erth      10%        N/A       8%          2
 Stone Arrow              Conj/Erth      20%        3d8       19%         3
 Petrify                  Tmut/Erth      13%        N/A       45%         4
 Brom's Barrelling Bould  Conj/Erth      10%        2d3       54%         4


Dungeon Overview and Level Annotations

Branches:
Dungeon (2/15)

Altars:


Message History

You kill the orc!
Your Earth Magic skill increases to level 4!
Unknown command.
Unknown command.
HP restored.
An orc is nearby!
Things that are here:
a +0 mace; a +0 chain mail; an orc corpse An orc comes into view.
It is wielding a +0 hand axe.
Found a faded altar of an unknown god.
Aiming: Sandblast (safe; 2% risk of failure)
Press: ? - help, Q - select action Shift-Dir - straight line, f - orc
Aim: an orc, wielding a +0 hand axe (wandering, hasn't noticed you, 82% to hit)
The blast of sand hits the orc!
You kill the orc!
The orc shouts!
Your Stealth skill increases to level 3!
Aiming: Sandblast (safe; 2% risk of failure)
Press: ? - help, Q - select action Shift-Dir - straight line, f - orc
Aim: an orc, wielding a +0 dagger and wearing a +0 leather armour (82% to hit)
The blast of sand hits the orc!
You kill the orc!
The orc priest calls down the wrath of Beogh upon you.
Pain shoots through your body!
The orc wizard points at you and mumbles some strange words.
You are confused.
You're too confused to cast spells.
Unknown command.
Unknown command.
You're too confused to cast spells.
Unknown command.
The orc priest hits you with a +0 short sword.
You bump into the stone wall.
The orc priest hits you with a +0 short sword.
You bump into the stone wall.
The orc priest hits you with a +0 short sword.
* * * LOW HITPOINT WARNING * * *
You bump into the stone wall.
The orc priest hits you with a +0 short sword.
You die...

#......# # #....###
#...## #...# #...#
#### . ##...##
#...#..
#...).##.......
#.#####.........
#.#....@#........
#..≈....o≈).......
#.#≈.≈o..≈.≈#......
.#..≈.≈.≈.≈.)#..#..
...≈.≈.≈...#..# #
...≈≈.≈≈...# .#
...≈≈_≈≈§§.# .#
..≈§≈≈§§≈§.#


You could see an orc priest and an orc wizard.

Vanquished Creatures
  3 orcs (D:2)
  4 ball pythons (D:1)
  A bat (D:1)
  4 endoplasms
  A goblin (D:1)
  4 hobgoblins
  A kobold (D:2)
  A frilled lizard (D:1)
  3 rats (D:1)
22 creatures vanquished.

Notes
Turn   | Place    | Note
-------+----------+-------------------------------------------
     0 | D:1      | LadyBoffin the Deep Elf Earth Elementalist began the quest
                  | for the Orb.
     0 | D:1      | Reached XP level 1. HP: 10/10 MP: 6/6
   229 | D:1      | Reached XP level 2. HP: 15/15 MP: 6/8
  1523 | D:2      | Reached skill level 4 in Earth Magic
  1530 | D:2      | Found a faded altar of an unknown god.
  1539 | D:2      | Slain by an orc priest

Illustrated notes

Levels and vault maps discovered:
D:1:      co_arrival_random_square_maze, layout_basic
D:2:      layout_rooms, shapermc_ecumenical_altar_starsandcircs, serial_forest,
          infiniplex_forest_straight_4, infiniplex_forest_fountain,
          infiniplex_forest_end_double, infiniplex_forest_clump_curved,
          chequers_arboretum

Skill      XL: |  1  2 |
---------------+-------+-----
Earth Magic    | 4 |  4.0
Stealth        | 3 |  3.1
Dodging        | |  2.5
Spellcasting   | |  3.2
Transmutations | |  1.2

Action                     || total
---------------------------++-------
   Cast: Sandblast         ||    27
 Armour: Robe              ||     6
  Dodge: Dodged            ||     1

Table legend: (Time is in decaauts)
 A = Elapsed time spent in this place.
 B = Non-inter-level travel time spent in this place.
 C = Inter-level travel time spent in this place.
 D = Time resting spent in this place.
 E = Time spent auto-exploring this place.
 F = Levels seen in this place.
 G = Mean time per level.
                   A        B        C        D        E       F      G
               +--------+--------+--------+--------+--------+-----+--------+
         Total |   1552 |   1491 |     61 |    103 |   1180 |   2 |  776.0 |
       Dungeon |   1552 |   1491 |     61 |    103 |   1180 |   2 |  776.0 |
               +--------+--------+--------+--------+--------+-----+--------+

Top non-repeatable levels by time:
     D:1: 1246 daAuts
     D:2: 306 daAuts
